 Dungeon Sprint DCSS version 0.23-a0-49-gd9f7a49 (webtiles) character file.

9730 Kidiri the Eclecticist (level 11, 0/67 HPs)
             Began as a Deep Elf Fire Elementalist on Aug 6, 2018.
             Was the Champion of Vehumet.
             Slain by Rupert
             ... wielding a +0 great sword of freezing
              (9 damage)
             ... in the Dungeon (Sprint III: "The Ten Rune Challenge").
             The game lasted 00:24:01 (3265 turns).

Kidiri the Eclecticist (Deep Elf Fire Elementalist) Turns: 3265, Time: 00:24:02

Health: 0/67       AC:  3    Str:  5    XL:     11   Next: 26%
Magic:  25/37      EV: 19    Int: 24    God:    Vehumet [******]
Gold:   61         SH:  0    Dex: 15    Spells: 10/44 levels left

rFire    . . .     SeeInvis .   (no weapon)
rCold    . . .     Gourm    .   (no shield)
rNeg     . . .     Faith    .   a - +0 robe
rPois    .         Spirit   .   (helmet restricted)
rElec    .         Reflect  .   k - +0 cloak
rCorr    .         Harm     .   (no gloves)
MR       +....     NoTele   +   (no boots)
Stlth    +.........             (no amulet)
HPRegen  0.21/turn              (no ring)
MPRegen  0.25/turn              (no ring)

@: hasted, slow
A: antennae 2, high mp 1
a: Renounce Religion


You were in the Dungeon.
You worshipped Vehumet.
Vehumet was exalted by your worship.
You were hungry.

You visited 1 branch You collected 61 gold pieces.

Inventory:

Hand Weapons
 n - a +0 dagger
Missiles
 t - 8 throwing nets (quivered)
Armour
 a - a +0 robe (worn)
 k - a +0 cloak (worn)
Scrolls
 m - a scroll of torment
 o - 3 scrolls of random uselessness {unknown}
 q - a scroll of holy word
 r - 2 scrolls of remove curse
Potions
 b - a potion of might
 d - 2 potions of curing
 e - a potion of heal wounds
 g - 2 potions of magic
 h - 2 potions of berserk rage
 j - a potion of invisibility
 l - 2 potions of mutation
 p - 2 potions of flight
 s - 2 potions of ambrosia {unknown}
Comestibles
 c - 12 rations


   Skills:
 + Level 7.0 Fighting
 + Level 8.5 Short Blades
 + Level 7.0 Armour
 + Level 10.2 Dodging
 - Level 2.4 Stealth
 * Level 17.3 Spellcasting
 + Level 10.9 Conjurations
 + Level 11.3 Fire Magic
 + Level 7.4 Ice Magic
 + Level 7.0 Air Magic
 + Level 5.8 Poison Magic


You had 10 spell levels left.
You knew the following spells:

 Your Spells              Type           Power        Failure   Level  Hunger
a - Flame Tongue          Conj/Fire      #####        1%          1    None
b - Throw Flame           Conj/Fire      ######       1%          2    None
c - Conjure Flame         Conj/Fire      ######..     1%          3    None
d - Inner Flame           Hex/Fire       #####...     1%          3    None
e - Ignite Poison         Fire/Tmut/Pois #####...     1%          3    None
f - Sticky Flame          Conj/Fire      ######..     1%          4    None
g - Fireball              Conj/Fire      ######....   1%          5    None
h - Freeze                Ice            ####         1%          1    None
i - Freezing Cloud        Conj/Ice/Air   ######....   3%          6    ####...
j - Shock                 Conj/Air       ####         1%          1    None
k - Lightning Bolt        Conj/Air       ######....   1%          5    None

Your spell library contained the following spells:

 Spells                   Type           Power        Failure   Level  Hunger
 Summon Demon             Summ           ###.......   56%         5    None
 Recall                   Summ/Tloc      N/A          8%          3    None
 Shadow Creatures         Summ           N/A          98%         6    ####...
 Aura of Abjuration       Summ           ###.......   56%         5    None
 Summon Forest            Summ/Tloc      ###.......   56%         5    None
 Summon Mana Viper        Hex/Summ       ###.....     56%         5    None


Dungeon Overview and Level Annotations

Branches:
Dungeon (1/1)

Altars:
Cheibriados
Dithmenos
Elyvilon
Fedhas
Gozag
Hepliaklqana
Kikubaaqudgha
Makhleb
Nemelex Xobeh
Okawaru
Qazlal
Ru
Sif Muna
Trog
Uskayaw
Vehumet
Wu Jian
Xom
Yredelemnul
Zin
The Shining One
Beogh
Jiyva
Lugonu

Annotations:
D exclusions: 3 doors and sensed monster (detected), Rupert


Innate Abilities, Weirdness & Mutations

You have a pair of antennae on your head.
You have an increased reservoir of magic. (+10% MP)


Message History

There is an open door here.
Unknown command.
You hear a shout!
Press: ? - help, v - describe, . - travel
Here: Rupert, wielding a great sword of freezing and wearing a shiny scale mail (heavily wounded, berserk, fast, unusually strong)
An open door.
Unknown command.
You feel much better.
Rupert hits you with a great sword of freezing.
Rupert freezes you.
You enter the shallow water.
Moving in this stuff is going to be slow.
Rupert rages.
There is an open door here.
You enter the shallow water.
Moving in this stuff is going to be slow.
Rupert hits you with a great sword of freezing!!
* * * LOW HITPOINT WARNING * * *
Rupert freezes you!
You die...

≈≈♣♣...'.⌠........#
≈≈≈≈.♣.#...######'#
≈≈≈....#.⌠.#__#...#+#############
≈≈.....#...#__#...#....#)#.#.....
.......#+###__#...##.#))#.##)###.
.......#.[.#__#...'##.#.#.##)#..#
.......#___#__+...#...#..#..##..'
▓▓▓▓▓▓▓▓▓▓▓▓▓▓▓▓▓▓▓▓▓▓▓▓▓▓▓▓▓▓▓▓#
≈≈≈.♣♣.....♣♣♣♣@@≈........≈≈≈...#
§≈≈.♣♣.≈≈≈≈'♣♣'♣≈≈≈≈≈≈≈≈≈≈≈≈♣♣P.'
§§≈≈≈'.....#.≈♣♣♣♣♣♣♣♣♣♣♣♣♣♣♣♣PP#
§§≈≈♣♣♣♣♣♣♣#..♣♣ ♣♣♣# ≈≈≈≈♣
###+♣♣♣♣♣♣♣♣♣♣♣♣♣♣♣ #####
♣♣♣♣.##..##≈≈≈≈≈≈..#{{ .@....
♣...##.##.#≈≈≈≈≈...#{{ ######
♣♣.##.##(##+≈≈≈≈§#### {
♣..#.##...#÷≈......§


You could see Rupert (berserk).

Vanquished Creatures
  A hydra (D)
  Erolcha (D)
  Urug (D)
  A lindwurm (D)
  A deep elf mage (D)
  A rime drake (D)
  2 spiny frogs (D)
  A komodo dragon (D)
  3 wandering mushrooms (D)
  A queen bee (D)
  2 tyrant leeches (D)
  5 blink frogs (D)
  A shadow (D)
  5 redbacks (D)
  A spatial vortex (D)
  A swamp drake (D)
  A necrophage (D)
  5 two-headed ogres (D)
  A water elemental (D)
  32 killer bees (D)
  An electric eel (D)
  A jelly (D)
  A wizard (D)
  Crazy Yiuf (D)
  Jessica (D)
  A necromancer (D)
  3 humans (D)
  A kobold demonologist (D)
  2 oozes (D)
  A rat (D)
80 creatures vanquished.

Vanquished Creatures (others)
  2 draconian scorchers (D)
  A hydra (D)
  6 hellions (D)
  2 yaktaurs (D)
  7 plants (D)
18 creatures vanquished.

Grand Total: 98 creatures vanquished

Notes
Turn   | Place    | Note
-------+----------+-------------------------------------------
     0 | D        | Kidiri the Deep Elf Fire Elementalist began the quest for the Orb.
     0 | D        | Reached XP level 1. HP: 10/10 MP: 6/6
     4 | D        | Reached skill level 4 in Spellcasting
     6 | D        | Reached XP level 2. HP: 15/15 MP: 1/9
    26 | D        | Learned a level 2 spell: Throw Flame
    72 | D        | Killed a hellion
    76 | D        | Noticed Jessica
    78 | D        | Killed Jessica
    78 | D        | Reached skill level 6 in Spellcasting
    78 | D        | Reached XP level 3. HP: 19/19 MP: 8/13
    83 | D        | Learned a level 3 spell: Conjure Flame
   127 | D        | Learned a level 3 spell: Inner Flame
   134 | D        | Killed a hellion
   135 | D        | Killed a hellion
   147 | D        | Reached skill level 7 in Spellcasting
   147 | D        | Reached skill level 5 in Fire Magic
   181 | D        | Killed a hellion
   198 | D        | Noticed Crazy Yiuf
   205 | D        | Killed Crazy Yiuf
   205 | D        | Reached skill level 8 in Spellcasting
   205 | D        | Reached XP level 4. HP: 24/24 MP: 10/16
   215 | D        | Learned a level 4 spell: Sticky Flame
   234 | D        | Gained mutation: You occasionally shout uncontrollably at your foes. [potion of mutation]
   234 | D        | Gained mutation: You are robust. (+10% HP) [potion of mutation]
   234 | D        | Gained mutation: You are somewhat resistant to further mutation. [potion of mutation]
   235 | D        | Lost mutation: You are robust. (+10% HP) [potion of mutation]
   235 | D        | Lost mutation: You occasionally shout uncontrollably at your foes. [potion of mutation]
   235 | D        | Lost mutation: You are somewhat resistant to further mutation. [potion of mutation]
   235 | D        | Gained mutation: Scrolls take you a little longer to read. [potion of mutation]
   235 | D        | Gained mutation: Your flesh is heat resistant. (rF+) [potion of mutation]
   235 | D        | Killed a white draconian scorcher
   236 | D        | Lost mutation: Scrolls take you a little longer to read. [potion of mutation]
   236 | D        | Lost mutation: Your flesh is heat resistant. (rF+) [potion of mutation]
   236 | D        | Gained mutation: You have a pair of small antennae on your head. [potion of mutation]
   236 | D        | Gained mutation: You have a pair of antennae on your head. [potion of mutation]
   236 | D        | Gained mutation: You have an increased reservoir of magic. (+10% MP) [potion of mutation]
   259 | D        | Noticed a water elemental
   262 | D        | Killed a water elemental
   262 | D        | Reached skill level 9 in Spellcasting
   262 | D        | Reached skill level 5 in Conjurations
   262 | D        | Reached XP level 5. HP: 28/28 MP: 13/20
   264 | D        | Killed a white draconian scorcher
   270 | D        | Learned a level 5 spell: Fireball
   281 | D        | Killed a yaktaur
   290 | D        | Killed a yaktaur
   301 | D        | Found a radiant altar of Vehumet.
   302 | D        | Found a deep blue altar of Sif Muna.
   302 | D        | Found an ancient bone altar of Kikubaaqudgha.
   306 | D        | Reached skill level 10 in Spellcasting
   311 | D        | Killed a hellion
   319 | D        | Became a worshipper of Vehumet
   329 | D        | Killed a hellion
   389 | D        | Found a glowing silver altar of Zin.
   390 | D        | Found a glowing golden altar of the Shining One.
   390 | D        | Found a white marble altar of Elyvilon.
   390 | D        | Noticed a deep elf mage
   397 | D        | Killed a deep elf mage
   397 | D        | Reached skill level 5 in Dodging
   397 | D        | Reached skill level 12 in Spellcasting
   397 | D        | Reached XP level 6. HP: 25/36 MP: 14/25
   397 | D        | Reached XP level 7. HP: 28/40 MP: 15/27
   486 | D        | Found a hide-covered altar of Uskayaw.
   486 | D        | Found a roughly hewn altar of Beogh.
   486 | D        | Found an iron altar of Okawaru.
   486 | D        | Found a bloodstained altar of Trog.
   486 | D        | Found an ornate altar of the Wu Jian Council.
   486 | D        | Noticed a human
   488 | D        | Killed a human
   489 | D        | Killed a human
   489 | D        | Reached * piety under Vehumet
   489 | D        | Offered knowledge of Shock by Vehumet.
   489 | D        | Reached skill level 13 in Spellcasting
   492 | D        | Learned a level 1 spell: Shock
   564 | D        | Found a basalt altar of Yredelemnul.
   564 | D        | Found a shadowy altar of Dithmenos.
   564 | D        | Found a sacrificial altar of Ru.
   588 | D        | Noticed a shadow
   590 | D        | Killed a shadow
   590 | D        | Offered knowledge of Freeze by Vehumet.
   590 | D        | Reached ** piety under Vehumet
   590 | D        | Reached skill level 1 in Air Magic
   590 | D        | Reached XP level 8. HP: 48/48 MP: 14/29
   593 | D        | Learned a level 1 spell: Freeze
   662 | D        | Found a blossoming altar of Fedhas.
   662 | D        | Found a stormy altar of Qazlal.
   662 | D        | Found a snail-covered altar of Cheibriados.
   662 | D        | Found a burning altar of Makhleb.
   662 | D        | Found a shimmering altar of Xom.
   663 | D        | Found a hazy altar of Hepliaklqana.
   663 | D        | Found an opulent altar of Gozag.
   663 | D        | Found a sparkling altar of Nemelex Xobeh.
   663 | D        | Found a corrupted altar of Lugonu.
   663 | D        | Found a viscous altar of Jiyva.
   678 | D        | Reached skill level 5 in Short Blades
   878 | D        | Offered knowledge of Searing Ray by Vehumet.
   878 | D        | Reached skill level 1 in Ice Magic
   884 | D        | Reached *** piety under Vehumet
   923 | D        | Noticed a two-headed ogre
   998 | D        | Killed a two-headed ogre
   998 | D        | Reached skill level 14 in Spellcasting
  1125 | D        | Noticed a two-headed ogre
  1125 | D        | Noticed Erolcha
  1137 | D        | Killed Erolcha
  1137 | D        | Offered knowledge of Ignite Poison by Vehumet.
  1137 | D        | Reached skill level 5 in Fighting
  1137 | D        | Reached skill level 5 in Armour
  1137 | D        | Reached XP level 9. HP: 29/54 MP: 16/32
  1138 | D        | Killed a two-headed ogre
  1143 | D        | Learned a level 3 spell: Ignite Poison
  1280 | D        | Reached **** piety under Vehumet
  1280 | D        | Reached skill level 15 in Spellcasting
  1286 | D        | Offered knowledge of Lightning Bolt by Vehumet.
  1286 | D        | Reached skill level 1 in Poison Magic
  1293 | D        | Learned a level 5 spell: Lightning Bolt
  1376 | D        | Reached ***** piety under Vehumet
  1377 | D        | Offered knowledge of Freezing Cloud by Vehumet.
  1377 | D        | Reached skill level 10 in Fire Magic
  1393 | D        | Learned a level 6 spell: Freezing Cloud
  1451 | D        | Noticed a queen bee
  1456 | D        | Killed a queen bee
  1800 | D        | Offered knowledge of Iron Shot by Vehumet.
  1802 | D        | Reached skill level 5 in Ice Magic
  1802 | D        | Reached XP level 10. HP: 60/60 MP: 17/34
  1802 | D        | Reached skill level 5 in Air Magic
  1805 | D        | Reached ****** piety under Vehumet
  2038 | D        | Offered knowledge of Ozocubu's Refrigeration by Vehumet.
  2038 | D        | Reached skill level 10 in Conjurations
  2059 | D        | Reached skill level 16 in Spellcasting
  2079 | D        | Noticed a spiny frog
  2079 | D        | Noticed a spiny frog
  2084 | D        | Killed a spiny frog
  2085 | D        | Killed a spiny frog
  2463 | D        | Noticed a lindwurm
  2470 | D        | Killed a lindwurm
  2484 | D        | Reached skill level 5 in Poison Magic
  2597 | D        | Noticed Urug
  2602 | D        | Killed Urug
  2602 | D        | Reached XP level 11. HP: 36/66 MP: 13/37
  2808 | D        | Offered knowledge of Iskenderun's Battlesphere by Vehumet.
  2808 | D        | Reached skill level 10 in Dodging
  2808 | D        | Reached skill level 17 in Spellcasting
  2974 | D        | Noticed a five-headed hydra
  2974 | D        | Noticed an eight-headed hydra
  2976 | D        | Killed a five-headed hydra
  2978 | D        | Killed an eight-headed hydra
  3240 | D        | Noticed Rupert
  3265 | D        | Slain by Rupert

Vault maps used:
D:        dungeon_sprint_mu

Skill      XL: |  1  2  3  4  5  6  7  8  9 10 11 |
---------------+----------------------------------+-----
Spellcasting   | 4 6 8 9 12 13 14 15 16 17 | 17.3
Conjurations   | 2 3 4 5 7 8 9 10 | 10.9
Fire Magic     | 4 5 6 8 9 10 11 | 11.3
Fighting       | 2 3 5 6 7 |  7.0
Short Blades   | 3 4 6 8 |  8.5
Armour         | 2 3 5 6 7 |  7.0
Dodging        | 5 6 7 8 9 10 | 10.2
Air Magic      | 1 3 4 6 7 |  7.0
Ice Magic      | 3 5 6 7 |  7.4
Poison Magic   | 2 5 |  5.8
Stealth        | |  2.4

Action                   |  1- 3 |  4- 6 |  7- 9 | 10-12 || total
-------------------------+-------+-------+-------+-------++-------
Melee: Unarmed           |     1 |       |       |       ||     1
 Cast: Flame Tongue      |    14 |     6 |    53 |    50 ||   123
       Throw Flame       |     2 |       |       |     1 ||     3
       Conjure Flame     |       |     1 |     8 |     6 ||    15
       Sticky Flame      |       |     3 |     8 |    15 ||    26
       Fireball          |       |       |     4 |     9 ||    13
       Inner Flame       |       |       |     6 |     3 ||     9
       Lightning Bolt    |       |       |     8 |     5 ||    13
       Shock             |       |       |       |     2 ||     2
       Freezing Cloud    |       |       |       |     1 ||     1
  Use: Scroll            |       |     3 |     1 |       ||     4
       Potion            |       |     3 |       |     2 ||     5
  Eat: Chunk             |       |       |     1 |     3 ||     4
       Ration            |       |       |     1 |       ||     1
Armor: Robe              |       |       |     4 |       ||     4
Dodge: Dodged            |     6 |     3 |    31 |    23 ||    63

Table legend:
 A = Spawn XP
 B = Non-spawn XP
 C = Spawn XP percentage of total XP
 D = Spawn monster count
 E = Non-spawn monster count
 F = Spawn count percentage of total count
 G = Total turns spent on level
                    A         B        C        D         E        F      G
               +---------+---------+-------+---------+---------+-------+---------
         Total |       0 |   13901 |   0.0 |       0 |      80 |   0.0 |  3265
               +---------+---------+-------+---------+---------+-------+---------
             D |       0 |   13901 |   0.0 |       0 |      80 |   0.0 |  3265
               +---------+---------+-------+---------+---------+-------+---------
